 Dungeon Crawl Stone Soup version 0.27.0 (webtiles) character file.

Game seed: 12232945263410691534

747 inmateoo the Grasshopper (level 7, -6/84 HPs)
             Began as a Gnoll Warper on July 31, 2021.
             Mangled by an ogre (19 damage)
             ... on level 5 of the Dungeon.
             The game lasted 00:07:14 (4435 turns).

inmateoo the Grasshopper (Gnoll Warper)             Turns: 4435, Time: 00:07:15

Health: -6/84      AC: 23    Str: 11    XL:     7   Next: 77%
Magic:  15/15      EV:  2    Int: 14    God:
Gold:   61         SH:  5    Dex: 11    Spells: 10/17 levels left

rFire    . . .     SeeInvis .     - Unarmed
rCold    + . .     Faith    .   (no shield)
rNeg     + + +     Spirit   .   (armour currently unavailable)
rPois    +         Reflect  +   (helmet currently unavailable)
rElec    .         Harm     .   (cloak currently unavailable)
rCorr    .         Rampage  .   (gloves currently unavailable)
Will     .....     NoTele   +   (boots currently unavailable)
Stlth    ++........             i - amulet of reflection
HPRegen  0.24/turn              g - ring of wizardry
MPRegen  0.14/turn              t - ring of protection from cold

@: tree-form
A: stationary, stasis, torment immunity, boosted hp, (fangs 1), strong nose,
distributed training
a: no special abilities


You were on level 5 of the Dungeon.
You were a tree.
You visited 1 branch of the dungeon, and saw 5 of its levels.

You collected 133 gold pieces.
You spent 72 gold pieces at shops.

Inventory:

Hand Weapons
 d - a +0 quarterstaff
 f - a +3 dagger of venom
Missiles
 c - 5 boomerangs of dispersal (quivered)
 v - 3 boomerangs
Armour
 a - a +1 leather armour (melded)
 w - a +0 kite shield
Magical Staves
 h - a staff of cold
 j - a staff of poison
 x - a staff of death
Jewellery
 g - a ring of wizardry (left branch)
 i - an amulet of reflection (around neck)
 t - a ring of protection from cold (right branch)
Scrolls
 b - 4 scrolls of blinking
 m - a scroll of enchant armour
 p - 2 scrolls of teleportation
 r - a scroll of fear
 s - a scroll of amnesia
Potions
 e - a potion of cancellation
 l - 2 potions of curing
 n - a potion of attraction
 o - 2 potions of might {unknown}
 u - a potion of resistance {unknown}


   Skills:
 + Level 5.3 Fighting
 + Level 2.7 Short Blades
 + Level 2.7 Long Blades
 + Level 2.7 Axes
 + Level 2.7 Maces & Flails
 + Level 2.7 Polearms
 + Level 2.7 Staves
 + Level 2.7 Slings
 + Level 2.7 Bows
 + Level 2.7 Crossbows
 + Level 3.8 Throwing
 + Level 3.8 Armour
 + Level 5.3 Dodging
 + Level 2.7 Stealth
 + Level 2.7 Shields
 + Level 5.3 Unarmed Combat
 + Level 5.7 Spellcasting
 + Level 2.2 Conjurations
 + Level 2.2 Hexes
 + Level 2.2 Summonings
 + Level 2.2 Necromancy
 + Level 5.9 Translocations
 + Level 2.2 Transmutations
 + Level 2.2 Fire Magic
 + Level 2.2 Ice Magic
 + Level 2.2 Air Magic
 + Level 2.2 Earth Magic
 + Level 2.2 Poison Magic
 + Level 3.0 Invocations
 + Level 2.7 Evocations


You had 10 spell levels left.
You knew the following spells:

 Your Spells              Type           Power      Damage    Failure   Level
a - Blink                 Tloc           N/A        N/A       1%          2
b - Manifold Assault      Tloc           20%        N/A       16%         5

Your spell library contained the following spells:

 Spells                   Type           Power      Damage    Failure   Level
 Gell's Gravitas          Tloc           10%        N/A       1%          3
 Lesser Beckoning         Tloc           10%        N/A       1%          3
 Teleport Other           Tloc           20%        N/A       1%          3


Dungeon Overview and Level Annotations

Branches:
Dungeon (5/15)
 Temple: D:4-7

Altars:
Elyvilon
Kikubaaqudgha
Makhleb

Shops:
D:2 [(   D:3 *   D:4 *


Innate Abilities, Weirdness & Mutations

You are a tree.
Your roots penetrate the ground, keeping you stationary.
You cannot be teleported.
You are immune to unholy pain and torment.
Your maximum health is greatly increased.
Your equipment is partially melded.
((You have very sharp teeth.))
Your uncanny sense of smell can sniff out nearby items.
Your experience applies equally to all skills.


Message History

Aim: a gnoll, wielding a +0 spear (lightly wounded, 63% to hit)
You throw a javelin. The javelin pierces through the orc.
You kill the orc!
The javelin pierces through the ogre.
The ogre is lightly wounded.
The javelin barely misses the gnoll.
Unknown command.
You hit the ogre.
The ogre is poisoned.
The ogre is lightly wounded.
The gnoll hits you from afar with a +0 spear.
The ogre hits you with a +0 giant club!
The gnoll hits you from afar with a +0 spear.
You hit the ogre.
The ogre looks as sick as possible!
You bite the ogre, but do no damage.
The ogre is moderately wounded.
The gnoll closely misses you. The ogre hits you with a +0 giant club!
You hit the ogre.
The ogre looks as sick as possible!
The ogre is moderately wounded.
The gnoll hits you from afar with a +0 spear.
* * * LOW HITPOINT WARNING * * *
The gnoll hits you with a +0 spear.
* * * LOW HITPOINT WARNING * * *
Unknown command.
Really quaff the potion of lignification?
You turn into a tree.
Your +1 leather armour melds into your body.
Your roots penetrate the ground.
The ogre hits you with a +0 giant club.
* * * LOW HITPOINT WARNING * * *
The gnoll hits you with a +0 spear.
* * * LOW HITPOINT WARNING * * *
Unknown command.
Okay, then.
Your +3 dagger of venom stops dripping with poison.
You are now empty-handed.
Unknown command.
You smack the ogre!
The ogre is almost dead.
The gnoll hits you but does no damage.
The ogre hits you with a +0 giant club!!
You die...

#O.# #.# #.....# #....
##g####.###.#####
##### #......#..<# #.#
#.####...#.#########..
#(.g..................
######(###.#...##..#.#
#..)...(#.#.#.#...#.#
#.###g#.#.#......##.#
#..O♣.#.......##.##.#
#########.........#.#
###########..
#...........)
#.###########
#............
#############


You could see an ogre (extremely poisoned) and a gnoll.

Vanquished Creatures
  An ogre (D:3)
  2 bullfrogs
  A scorpion (D:4)
  A howler monkey (D:5)
  A centaur skeleton (D:5)
  A hound (D:4)
  2 orc priests (D:4)
  Jessica (D:3)
  An iguana (D:4)
  2 orc wizards (D:4)
  4 adders
  3 gnolls (D:3)
  A howler monkey skeleton (D:5)
  3 adder skeletons (D:4)
  A dart slug (D:1)
  27 orcs
  7 ball pythons
  5 bats
  A bat zombie (D:4)
  10 endoplasms
  3 giant cockroaches
  9 goblins
  4 hobgoblins
  12 jackals
  2 kobolds
  4 quokkas
  2 frilled lizards (D:3)
  2 quokka skeletons (D:4)
  5 rats
  A rat zombie (D:4)
119 creatures vanquished.

Notes
Turn   | Place    | Note
-------+----------+-------------------------------------------
     0 | D:1      | inmateoo the Gnoll Warper began the quest for the Orb.
     0 | D:1      | Reached XP level 1. HP: 20/20 MP: 6/6
   151 | D:1      | Reached XP level 2. HP: 24/26 MP: 7/7
   497 | D:1      | You fall into a shaft and drop 1 floor!
   508 | D:2      | Reached XP level 3. HP: 30/31 MP: 9/9
   524 | D:2      | Reached skill level 5 in Spellcasting
   914 | D:2      | Reached skill level 1 in Invocations
   935 | D:2      | Found Jyodicudd's Armour Emporium.
   976 | D:2      | Reached skill level 1 in Short Blades
   976 | D:2      | Reached skill level 1 in Long Blades
   976 | D:2      | Reached skill level 1 in Axes
   976 | D:2      | Reached skill level 1 in Maces & Flails
   976 | D:2      | Reached skill level 1 in Polearms
   976 | D:2      | Reached skill level 1 in Staves
   976 | D:2      | Reached skill level 1 in Slings
   976 | D:2      | Reached skill level 1 in Bows
   976 | D:2      | Reached skill level 1 in Crossbows
   976 | D:2      | Reached skill level 1 in Stealth
   976 | D:2      | Reached skill level 1 in Shields
   976 | D:2      | Reached skill level 1 in Evocations
  1204 | D:2      | Reached XP level 4. HP: 20/38 MP: 11/11
  1403 | D:2      | Found a white marble altar of Elyvilon.
  1403 | D:2      | Found Ikoupewn's Antique Weapon Boutique.
  1554 | D:2      | Found a faded altar of an unknown god.
  1642 | D:3      | Found a burning altar of Makhleb.
  1643 | D:3      | Noticed an ogre
  1652 | D:3      | Killed an ogre
  1653 | D:3      | Reached skill level 1 in Conjurations
  1653 | D:3      | Reached skill level 1 in Hexes
  1653 | D:3      | Reached skill level 1 in Summonings
  1653 | D:3      | Reached skill level 1 in Necromancy
  1653 | D:3      | Reached skill level 1 in Transmutations
  1653 | D:3      | Reached skill level 1 in Fire Magic
  1653 | D:3      | Reached skill level 1 in Ice Magic
  1653 | D:3      | Reached skill level 1 in Air Magic
  1653 | D:3      | Reached skill level 1 in Earth Magic
  1653 | D:3      | Reached skill level 1 in Poison Magic
  1653 | D:3      | Reached XP level 5. HP: 29/43 MP: 12/12
  1726 | D:3      | Found Uneegint's Assorted Antiques.
  1734 | D:3      | Bought a scroll labelled XIGAJYI QATU for 19 gold pieces
  1734 | D:3      | Bought a scroll labelled UROPEU DU MOSI for 19 gold pieces
  1734 | D:3      | Bought a fizzy pink potion for 17 gold pieces
  1734 | D:3      | Bought a metallic blue potion for 17 gold pieces
  2205 | D:3      | Learned a level 2 spell: Blink
  2211 | D:3      | Learned a level 5 spell: Manifold Assault
  2259 | D:3      | Noticed Jessica
  2266 | D:3      | Killed Jessica
  2267 | D:3      | Reached XP level 6. HP: 44/50 MP: 13/13
  2506 | D:4      | Found Lazamog's Elemental Accessories.
  2660 | D:4      | Reached skill level 5 in Fighting
  2660 | D:4      | Reached skill level 5 in Dodging
  2660 | D:4      | Reached skill level 5 in Unarmed Combat
  3540 | D:4      | Reached XP level 7. HP: 56/56 MP: 15/15
  3742 | D:4      | Found an ancient bone altar of Kikubaaqudgha.
  4147 | D:5      | Entered Level 5 of the Dungeon
  4435 | D:5      | Mangled by an ogre

Illustrated notes

Levels and vault maps discovered:
D:1:      dpeg_arrival_shelter, layout_rooms
D:2:      layout_loops_cross, ebering_ecumenical_altar_rust, basic_altar,
          serial_shops, nicolae_shop_statue_plus, shop
D:3:      layout_basic, mainiacjoe_overflow_boulevard, serial_shops,
          nicolae_square_shop, uniq_jessica
D:4:      layout_basic, tgw_xom, lemuel_zombie_altar_kikubaaqudgha,
          nicolae_elemental_shop, minmay_misc_feat_pillars
D:5:      minmay_polygon_palace, layout_basic, temple_green, uniq_grinder

Skill      XL: |  1  2  3  4  5  6  7 |
---------------+----------------------+-----
Spellcasting   | 5 |  5.7
Invocations    | 1 2 3 |  3.0
Short Blades   | 1 2 |  2.7
Long Blades    | 1 2 |  2.7
Axes           | 1 2 |  2.7
Maces & Flails | 1 2 |  2.7
Polearms       | 1 2 |  2.7
Staves         | 1 2 |  2.7
Slings         | 1 2 |  2.7
Bows           | 1 2 |  2.7
Crossbows      | 1 2 |  2.7
Stealth        | 1 2 |  2.7
Shields        | 1 2 |  2.7
Evocations     | 1 2 |  2.7
Throwing       | 3 |  3.8
Armour         | 3 |  3.8
Conjurations   | 1 2 |  2.2
Hexes          | 1 2 |  2.2
Summonings     | 1 2 |  2.2
Necromancy     | 1 2 |  2.2
Transmutations | 1 2 |  2.2
Fire Magic     | 1 2 |  2.2
Ice Magic      | 1 2 |  2.2
Air Magic      | 1 2 |  2.2
Earth Magic    | 1 2 |  2.2
Poison Magic   | 1 2 |  2.2
Fighting       | 5 |  5.3
Dodging        | 5 |  5.3
Unarmed Combat | 5 |  5.3
Translocations | |  5.9

Action                   |  1- 3 |  4- 6 |  7- 9 || total
-------------------------+-------+-------+-------++-------
Melee: Quarterstaff      |     8 |       |       ||     8
       Dagger            |   104 |   145 |   110 ||   359
       Bite              |    11 |    13 |    12 ||    36
       Punch             |       |     2 |     3 ||     5
       Unarmed           |       |       |     1 ||     1
Throw: Javelin           |       |    10 |     4 ||    14
  Use: Scroll            |     3 |     6 |     1 ||    10
       Potion            |       |       |     1 ||     1
 Stab: Sleeping          |       |     2 |     1 ||     3
Armor: Leather armour    |    35 |    29 |    27 ||    91
       Skin              |       |       |     1 ||     1
Dodge: Dodged            |    72 |    69 |    58 ||   199
Block: Other             |     9 |    21 |    16 ||    46
